 Dungeon Crawl Stone Soup version 0.25-a0-528-g6b7c99946c (webtiles) character file.

Game seed: 5740684410467583414, levelgen mode: deterministic

115029 kae the Bludgeoner (level 16, 0/122 HPs)
             Began as a Demonspawn Fighter on Feb 19, 2020.
             Was the Champion of Qazlal.
             Succumbed to an emperor scorpion's poison
             ... on level 2 of the Lair of Beasts.
             The game lasted 00:35:49 (30444 turns).

kae the Bludgeoner (Demonspawn Fighter)            Turns: 30444, Time: 00:35:49

Health: 0/122      AC: 25    Str: 26    XL:     16   Next: 17%
Magic:  28/28      EV: 12    Int:  5    God:    Qazlal [******]
Gold:   3772       SH: 18    Dex: 16    Spells: 15/15 levels left

rFire    . . .     SeeInvis .   H - +0 morningstar (flame)
rCold    + . .     Gourm    .   c - +0 kite shield
rNeg     . . .     Faith    .   B - +3 chain mail of Winter {rC+ Int-5 Dex+3}
rPois    +         Spirit   .   (helmet unavailable)
rElec    .         Reflect  .   X - +1 cloak of Reason {Regen+}
rCorr    .         Harm     .   m - +0 pair of gloves
MR       +....                  s - +1 pair of boots
Stlth    ..........             (no amulet)
HPRegen  0.70/turn              j - +3 ring of strength
MPRegen  0.21/turn              S - ring of poison resistance

@: lethally poisoned (0 -> -11), protected from physical damage, very slightly
contaminated, repel missiles
A: horns 3, yellow scales 1, foul stench 1, spiny 1, rot immunity
a: Upheaval, Elemental Force, Disaster Area, Renounce Religion


You were on level 2 of the Lair of Beasts.
You worshipped Qazlal.
Qazlal was exalted by your worship.
You were not hungry.

You visited 4 branches of the dungeon, and saw 24 of its levels.

You collected 4381 gold pieces.
You spent 609 gold pieces at shops.

Inventory:

Hand Weapons
 a - a +0 flail
 p - a +2 scimitar of flaming
 F - a +2 whip of venom
 H - a +0 morningstar of flaming (weapon)
Armour
 c - a +0 kite shield (worn)
 m - a +0 pair of gloves (worn)
 s - a +1 pair of boots (worn)
 B - the +3 chain mail of Winter (worn) {rC+ Int-5 Dex+3}
   (You bought it in a shop on level 11 of the Dungeon)

   It affects your intelligence (-5).
   It affects your dexterity (+3).
   It protects you from cold.
   If you remove this armour, your AC will decrease by 14 (25 -> 11).
 M - a scarf of spirit shield
 X - the +1 cloak of Reason (worn) {Regen+}
   (You found it on level 15 of the Dungeon)

   It increases your rate of regeneration.
   If you remove this armour, your AC will decrease by 2 (25 -> 23).
Jewellery
 h - an uncursed amulet of faith
 j - a +3 ring of strength (left hand)
 y - a +2 ring of protection
 G - an uncursed ring of resist corrosion
 I - an uncursed ring of flight
 S - a ring of poison resistance (right hand)
 V - an uncursed ring of see invisible
Wands
 g - a wand of scattershot (4)
 t - a wand of iceblast (21)
 x - a wand of paralysis (5)
 A - a wand of flame (67)
 C - a wand of digging (14)
 N - a wand of enslavement (8)
 P - a wand of random effects (18)
 Q - a wand of disintegration (6)
Scrolls
 e - 3 scrolls of blinking
 q - 6 scrolls of remove curse
 r - 4 scrolls of fear
 u - 4 scrolls of fog
 v - 9 scrolls of teleportation
 E - 7 scrolls of magic mapping
 L - 2 scrolls of identify
 R - 2 scrolls of amnesia
 W - a scroll of enchant armour
Potions
 d - 3 potions of might
 i - 4 potions of brilliance
 k - 5 potions of invisibility
 l - 4 potions of stabbing
 n - 4 potions of lignification
 o - 2 potions of cancellation
 z - a potion of ambrosia
 D - a potion of flight
 J - a potion of berserk rage
 K - 3 potions of haste
 O - 5 potions of curing
 U - a potion of resistance
Comestibles
 b - a chunk of flesh
 f - 45 rations


   Skills:
 - Level 10.2 Fighting
 * Level 17.2 Maces & Flails
 + Level 10.0 Armour
 + Level 9.5 Dodging
 - Level 2.6 Shields
 + Level 17.0 Invocations


You had 15 spell levels left.
You didn't know any spells.
Your spell library contained the following spells:

 Spells                   Type           Power        Failure   Level  Hunger
 Animate Skeleton         Necr           N/A          100%        1    ##.....
 Apportation              Tloc           #.....       100%        1    ##.....
 Corona                   Hex            #......      100%        1    ##.....
 Sandblast                Erth           #.....       100%        1    ##.....
 Sting                    Tmut/Pois      #...         100%        1    ##.....
 Summon Butterflies       Summ           #.......     100%        1    ##.....
 Summon Small Mammal      Summ           #...         100%        1    ##.....
 Ensorcelled Hibernation  Hex/Ice        #.....       100%        2    ###....
 Passwall                 Tmut/Erth      #.......     100%        2    ###....
 Poisonous Vapours        Pois/Air       #.....       100%        2    ###....
 Slow                     Hex            #.......     100%        2    ###....
 Call Canine Familiar     Summ           #.......     100%        3    ####...
 Confusing Touch          Hex            #.......     100%        3    ####...
 Dazzling Flash           Conj/Hex       #.....       100%        3    ####...
 Gell's Gravitas          Tloc           #.........   100%        3    ####...
 Ignite Poison            Fire/Tmut/Pois #.......     100%        3    ####...
 Inner Flame              Hex/Fire       #.......     100%        3    ####...
 Mephitic Cloud           Conj/Pois/Air  #.......     100%        3    ####...
 Portal Projectile        Hex/Tloc       #.....       100%        3    ####...
 Stone Arrow              Conj/Erth      #.....       100%        3    ####...
 Tukima's Dance           Hex            #.......     100%        3    ####...
 Cause Fear               Hex            #.........   100%        4    #####..
 Leda's Liquefaction      Hex/Erth       #.........   100%        4    #####..
 Olgreb's Toxic Radiance  Pois           #.......     100%        4    #####..
 Petrify                  Tmut/Erth      #.......     100%        4    #####..
 Summon Ice Beast         Ice/Summ       #.......     100%        4    #####..
 Lee's Rapid Deconstruct  Erth           #.........   100%        5    ######.
 Metabolic Englaciation   Hex/Ice        #.........   100%        5    ######.
 Summon Mana Viper        Hex/Summ       #.......     100%        5    ######.
 Yara's Violent Unravell  Hex/Tmut       #.........   100%        5    ######.
 Summon Hydra             Summ           #.........   100%        7    #######


Dungeon Overview and Level Annotations

Branches:
Dungeon (15/15)            Temple (0/1) D:7            Lair (6/6) D:10
 Shoals (0/4) Lair:4       Spider (1/4) Lair:2        Slime (0/5) Lair:6
    Orc (2/2) D:12            Elf (0/3) Orc:2        Vaults (0/5) D:14
 Depths (0/5) D:15

Altars:
Ashenzari
Cheibriados
Elyvilon
Fedhas
Gozag
Kikubaaqudgha
Qazlal
Ru
Sif Muna
Trog
Wu Jian
Xom
The Shining One
Beogh
Jiyva

Shops:
D:11 *   D:12 **   Orc:2 [([**:

Annotations:
D:3 3 runed translucent doors, Goblin1989's ghost, amateur OgGl
D:12 3 runed translucent doors, exclusion: obsidian statue, Pith's ghost, journeyman DDFi
Lair:2 2 transporters, Zekyacus's ghost, journeyman TrBe
Lair:4 1 runed translucent door, kae's ghost, journeyman HOFi


Innate Abilities, Weirdness & Mutations

You have a pair of large horns on your head.
You are partially covered in yellow scales. (AC +2)
You may emit foul miasma when damaged in melee.
You are partially covered in sharp spines.
You are immune to rotting.


Message History

As you read the scroll of blinking, it crumbles to dust.
* * * LOW HITPOINT WARNING * * *
You feel very sick.
The wolf spider is engulfed in freezing vapours.
* * * LOW HITPOINT WARNING * * *
You feel very sick.
The jumping spider leaps!
* * * LOW HITPOINT WARNING * * *
You feel very sick.
The jumping spider is engulfed in blazing flames.
You block the jumping spider's attack.
The jumping spider bites you but does no damage.
* * * LOW HITPOINT WARNING * * *
You feel sick.
The jumping spider leaps!
There is a crawl-hole back to the Lair, spattered with blood here.
* * * LOW HITPOINT WARNING * * *
You feel sick.
The jumping spider leaps! x2
You climb upwards.
Welcome back to the Lair of Beasts!
Level annotation: 2 transporters, Zekyacus's ghost, journeyman TrBe You die...

#..##..P.........................
.##..#...........####P.#.#.##P#.P
#..##.#.P.........#############.#
#####.#.#.....^.^......# ##.
####.#......^^^.^^.....# #P
.##.#.#.#...^..^...^^.## ##
#..#.#..#....^^.^^....# #
.##....P#.....^^..^^..# #
..............^.@.^..^## ##
...........^.^^^^.^^^^.# #.
........P...^.^.^^.^..## ##
.##....PP...^....^..^.# #
#..#.#.......^^..^^...## ##
.#....#.......^........# ##.
###..#..#.........#...## #.#
####..#..............## ###
#..##.#...........##.# #


There were no monsters in sight!

Vanquished Creatures
  An orc warlord (Orc:2)
  The ghost of Ulomoc the Champion of Chaos, a journeyman DDFi of Makhleb (D:15)
  Nessos (Lair:4)
  2 entropy weavers (Lair:4)
  An ettin (shapeshifter) (D:15)
  Josephine (Lair:5)
  A fire dragon (shapeshifter) (D:15)
  Erolcha (D:12)
  2 hydras
  5 vault guards (D:14)
  A rakshasa (D:15)
  Erica (D:8)
  A queen ant (Lair:4)
  A death knight (D:15)
  3 centaur warriors
  13 two-headed ogres
  2 ogre magi (D:15)
  4 orc high priests (Orc:2)
  Urug (Lair:2)
  A shock serpent (shapeshifter) (D:15)
  Sonja (Lair:4)
  A deep elf knight (D:14)
  7 unseen horrors
  15 skeletal warriors
  2 wizards (D:14)
  A phantasmal warrior (D:15)
  7 orc knights
  An orb spider (Spider:1)
  2 deep elf magi (D:13)
  8 wolf spiders
  4 orc sorcerers (Orc:2)
  2 ugly things (D:15)
  2 manticores
  7 slime creatures
  8 elephants
  3 black mambas
  Maurice (D:8)
  A black mamba (shapeshifter) (D:13)
  2 merfolk sirens (Lair:4)
  14 spiny frogs
  2 gargoyles
  4 rime drakes
  Maggie (Lair:2)
  2 demonic crawlers (Spider:1)
  3 komodo dragons
  A yaktaur (D:14)
  2 freezing wraiths (D:15)
  A tengu conjurer (D:14)
  An efreet (D:15)
  A kobold demonologist (D:15)
  5 jumping spiders
  5 polar bears (Lair:6)
  A queen bee (Lair:2)
  A jumping spider (shapeshifter) (D:14)
  2 merfolk (Lair:4)
  5 hornets (Lair:6)
  6 trolls
  2 blink frogs
  A dream sheep (Lair:6)
  12 hippogriffs
  A centaur simulacrum (D:14)
  15 spriggans
  15 redbacks
  6 wraiths
  Grum (D:10)
  2 tarantellas (Spider:1)
  2 vampires (D:11)
  5 wyverns
  26 yaks
  3 basilisks (Lair:2)
  7 vampire mosquitoes
  A steam dragon (Lair:3)
  5 hungry ghosts
  A warg (Orc:1)
  A soldier ant (shapeshifter) (D:15)
  16 soldier ants
  2 acid dragons
  11 water moccasins
  Duvessa (D:7)
  7 porcupines
  33 orc warriors
  4 black bears
  A sky beast (D:13)
  2 eyes of draining
  6 boggarts
  13 ogres
  5 phantoms
  4 ice beasts
  3 necrophages
  26 wolves
  14 centaurs
  13 crocodiles
  4 big kobolds
  19 bullfrogs
  A gnoll sergeant (D:12)
  Dowan (D:7)
  4 scorpions
  A wyvern skeleton (D:11)
  48 killer bees
  10 wights
  An electric eel (Lair:5)
  4 jellies
  7 crimson imps
  4 centaur zombies
  6 hounds
  4 bullfrog zombies
  4 centaur skeletons
  31 orc priests
  21 orc wizards
  5 bullfrog skeletons
  3 iguanas
  24 worker ants
  14 hell rats
  A worker ant zombie (D:5)
  7 gnolls
  A howler monkey skeleton (D:11)
  13 adders
  5 shadow imps
  2 oozes
  An adder skeleton (D:7)
  3 worms
  4 leopard geckos
  81 orcs
  5 bats
  8 giant cockroaches
  4 goblins
  5 hobgoblins
  19 jackals
  6 quokkas
  A ball python (D:2)
  6 frilled lizards
  27 kobolds
  A leopard gecko skeleton (D:3)
  5 rats
  A butterfly (Lair:2)
  2 plants
867 creatures vanquished.

Vanquished Creatures (others)
  2 orc wizards (D:4)
  2 orcs
  9 fungi
  3 plants
16 creatures vanquished.

Grand Total: 883 creatures vanquished

Notes
Turn   | Place    | Note
-------+----------+-------------------------------------------
     0 | D:1      | kae the Demonspawn Fighter began the quest for the Orb.
     0 | D:1      | Reached XP level 1. HP: 18/18 MP: 1/1
   455 | D:1      | Gained mutation: You have a pair of small horns on your
                  | head. [demonic ancestry]
   455 | D:1      | Reached XP level 2. HP: 23/24 MP: 2/2
   571 | D:1      | Found a sacrificial altar of Ru.
   573 | D:1      | Found a bloodstained altar of Trog.
   573 | D:1      | Found an ancient bone altar of Kikubaaqudgha.
   575 | D:1      | Found an ornate altar of the Wu Jian Council.
   575 | D:1      | Found a shimmering altar of Xom.
   575 | D:1      | Found a glowing golden altar of the Shining One.
  1469 | D:2      | Reached XP level 3. HP: 29/29 MP: 3/3
  1600 | D:2      | Found a stormy altar of Qazlal.
  1647 | D:2      | Became a worshipper of Qazlal Stormbringer
  1862 | D:2      | Reached skill level 1 in Invocations
  1862 | D:2      | Reached XP level 4. HP: 21/36 MP: 4/4
  2511 | D:3      | Reached * piety under Qazlal
  2829 | D:3      | Found a runed translucent gate.
  2829 | D:3      | Noticed Goblin1989's ghost (amateur OgGl)
  2830 | D:3      | Found a runed translucent gate.
  2831 | D:3      | Found a roughly hewn altar of Beogh.
  2831 | D:3      | Found a runed translucent gate.
  2841 | D:3      | Reached XP level 5. HP: 42/42 MP: 6/6
  2851 | D:3      | Identified the +5 short sword of Kybboaq {speed, Str+5}
  2851 | D:3      | Identified the +1 ring mail of Ucat {rPois MP+9 Int+3
                  | Slay-2}
  3368 | D:4      | Gained mutation: You have a pair of horns on your head.
                  | [demonic ancestry]
  3368 | D:4      | Reached XP level 6. HP: 17/48 MP: 8/8
  3375 | D:4      | Found a snail-covered altar of Cheibriados.
  3647 | D:4      | Reached skill level 5 in Maces & Flails
  3669 | D:4      | Reached ** piety under Qazlal
  3718 | D:4      | Reached XP level 7. HP: 29/55 MP: 8/10
  4040 | D:4      | Reached skill level 5 in Fighting
  4183 | D:4      | Reached skill level 5 in Invocations
  4821 | D:5      | Entered Level 5 of the Dungeon
  5151 | D:5      | Found a shattered altar of Ashenzari.
  5304 | D:5      | Gained mutation: You are partially covered in sharp spines.
                  | [demonic ancestry]
  5304 | D:5      | Reached XP level 8. HP: 63/63 MP: 12/12
  6627 | D:6      | Found a bloodstained altar of Trog.
  6627 | D:6      | Found a sacrificial altar of Ru.
  7411 | D:7      | Reached XP level 9. HP: 71/71 MP: 14/14
  7436 | D:7      | Reached *** piety under Qazlal
  7574 | D:7      | Noticed Duvessa
  7576 | D:7      | Noticed Dowan
  7589 | D:7      | Killed Duvessa
  7592 | D:7      | Killed Dowan
  7941 | D:7      | Found a staircase to the Ecumenical Temple.
  7958 | D:7      | You fall into a shaft and drop 1 floor!
  7968 | D:8      | Noticed a troll
  7976 | D:8      | Killed a troll
  8647 | D:8      | Noticed Maurice
  8838 | D:8      | Noticed Erica
  8848 | D:8      | Killed Erica
  8848 | D:8      | Reached XP level 10. HP: 61/80 MP: 15/17
  8894 | D:8      | Reached skill level 10 in Maces & Flails
  9398 | D:8      | Killed Maurice
  9673 | D:7      | Found an ancient bone altar of Kikubaaqudgha.
 10214 | D:9      | Reached **** piety under Qazlal
 10371 | D:9      | Found a blossoming altar of Fedhas.
 10465 | D:9      | Reached skill level 10 in Invocations
 10680 | D:9      | Found a shimmering blue altar of Sif Muna.
 10818 | D:9      | Noticed a two-headed ogre
 10820 | D:9      | Killed a two-headed ogre
 10858 | D:9      | Found a white marble altar of Elyvilon.
 11044 | D:10     | Entered Level 10 of the Dungeon
 11108 | D:10     | Found a staircase to the Lair.
 11120 | D:10     | Gained mutation: You are immune to rotting. [demonic
                  | ancestry]
 11120 | D:10     | Reached XP level 11. HP: 72/89 MP: 19/19
 11218 | D:10     | Noticed a two-headed ogre
 11238 | D:10     | Killed a two-headed ogre
 11260 | D:10     | Noticed Grum
 11293 | D:10     | Killed Grum
 11840 | D:10     | Found the +3 giant club "Skullcrusher" {speed, Str+7}
 12514 | D:11     | Noticed a two-headed ogre
 12529 | D:11     | Killed a two-headed ogre
 12802 | D:11     | Noticed a two-headed ogre
 12811 | D:11     | Killed a two-headed ogre
 12811 | D:11     | Reached skill level 10 in Fighting
 13560 | D:11     | Found Qyroaz's Assorted Antiques.
 13568 | D:11     | Bought a scorched chain mail for 237 gold pieces
 13568 | D:11     | Bought a twisted agate ring for 125 gold pieces
 13568 | D:11     | Bought a bubbling ruby potion for 22 gold pieces
 13568 | D:11     | Bought an opal ring for 125 gold pieces
 13584 | D:11     | Identified the +3 chain mail of Winter {rC+ Int-5 Dex+3}
                  | (You bought it in a shop on level 11 of the Dungeon)
 13883 | D:12     | Reached XP level 12. HP: 39/97 MP: 21/21
 13885 | D:12     | Noticed Erolcha
 13890 | D:12     | Killed Erolcha
 13890 | D:12     | Reached skill level 1 in Dodging
 14225 | D:12     | Found a staircase to the Orcish Mines.
 14562 | D:12     | Found a runed translucent gate.
 14563 | D:12     | Found a runed translucent gate.
 14563 | D:12     | Found an opulent altar of Gozag.
 14564 | D:12     | Found a runed translucent gate.
 14578 | D:12     | Noticed a stone giant
 14579 | D:12     | Found Zoafaimm's Assorted Antiques.
 14579 | D:12     | Noticed Pith's ghost (journeyman DDFi)
 14617 | D:12     | Found Vaarhefi's Assorted Antiques.
 14622 | D:12     | Bought a scroll of identify for 50 gold pieces
 14622 | D:12     | Bought a scroll of identify for 50 gold pieces
 14807 | D:12     | Noticed a two-headed ogre
 14816 | D:12     | Killed a two-headed ogre
 15221 | Lair:1   | Entered Level 1 of the Lair of Beasts
 16795 | Lair:2   | Noticed Maggie
 16796 | Lair:2   | Paralysed by Maggie for 6 turns
 16808 | Lair:2   | Killed Maggie
 17124 | Lair:2   | Reached skill level 5 in Armour
 17178 | Lair:2   | Noticed a four-headed hydra
 17183 | Lair:2   | Killed a four-headed hydra
 17324 | Lair:2   | Reached XP level 13. HP: 81/103 MP: 20/23
 17839 | Lair:2   | Found a hole to the Spider Nest.
 17853 | Lair:2   | Noticed Urug
 17865 | Lair:2   | Killed Urug
 18044 | Lair:2   | Noticed Zekyacus's ghost (journeyman TrBe)
 18066 | Lair:2   | Found a transporter.
 18118 | Lair:2   | Found a transporter.
 19483 | Lair:4   | Noticed an entropy weaver
 19493 | Lair:4   | Noticed an entropy weaver
 19497 | Lair:4   | Noticed Sonja
 19498 | Lair:4   | Killed Sonja
 19498 | Lair:4   | Reached skill level 5 in Dodging
 19504 | Lair:4   | Noticed Nessos
 19627 | Lair:4   | Killed Nessos
 19902 | Lair:4   | Killed an entropy weaver
 20110 | Lair:4   | Killed an entropy weaver
 20728 | Lair:4   | Found a runed translucent door.
 20728 | Lair:4   | Noticed kae's ghost (journeyman HOFi)
 21045 | Lair:4   | Found a staircase to the Shoals.
 21315 | Lair:5   | Noticed Josephine
 21321 | Lair:5   | Killed Josephine
 22328 | Lair:6   | Entered Level 6 of the Lair of Beasts
 22369 | Lair:6   | Gained mutation: You are partially covered in yellow
                  | scales. (AC +2) [demonic ancestry]
 22369 | Lair:6   | Reached XP level 14. HP: 94/110 MP: 24/24
 22390 | Lair:6   | Reached skill level 15 in Maces & Flails
 22406 | Lair:6   | Reached ***** piety under Qazlal
 22911 | Lair:6   | Reached skill level 15 in Invocations
 23315 | Lair:6   | Found a viscous altar of Jiyva.
 23316 | Lair:6   | Found a staircase to the Slime Pits.
 24564 | D:13     | Identified a scroll of acquirement
 24564 | D:13     | Identified the amulet of Noyfefy {*Slow +Rage Dex+4 SInv}
                  | (You acquired it on level 13 of the Dungeon)
 24624 | Orc:1    | Entered Level 1 of the Orcish Mines
 24775 | Orc:2    | Entered Level 2 of the Orcish Mines
 25061 | Orc:2    | Noticed an orc warlord
 25072 | Orc:2    | Killed an orc warlord
 25116 | Orc:2    | Reached ****** piety under Qazlal
 25201 | Orc:2    | Paralysed by an orc sorcerer for 3 turns
 25564 | Orc:2    | Gained mutation: You may emit foul miasma when damaged in
                  | melee. [demonic ancestry]
 25564 | Orc:2    | Reached XP level 15. HP: 91/115 MP: 19/26
 25875 | Orc:2    | Found a staircase to the Elven Halls.
 25931 | Orc:2    | Found Qesch's General Store.
 26101 | Orc:2    | Found Asyimus's Antique Armour Boutique.
 26102 | Orc:2    | Found Okkixa's Antique Weapon Boutique.
 26103 | Orc:2    | Found Povya's General Store.
 26103 | Orc:2    | Found Zammuol's Book Shop.
 26213 | Orc:2    | Found Ripuhul's Armour Emporium.
 27138 | D:14     | Found a glowing golden altar of the Shining One.
 27635 | D:14     | You fall into a shaft and drop 1 floor!
 27635 | D:15     | Entered Level 15 of the Dungeon
 28795 | D:15     | Noticed a frost giant
 28797 | D:15     | a frost giant changed into an alligator snapping turtle
 28809 | D:15     | Noticed a sphinx
 28809 | D:15     | an alligator snapping turtle changed into a sphinx
 28814 | D:15     | a sphinx changed into a stone giant
 29128 | D:15     | Found a staircase to the Depths.
 29259 | D:15     | Found a runed translucent gate.
 29259 | D:15     | Identified the cursed +1 plate armour "Mifourr" {rC+ Str-5
                  | Int+3}
 29259 | D:15     | Noticed Ulomoc's ghost (journeyman DDFi)
 29260 | D:15     | Found a runed translucent gate.
 29261 | D:15     | Found a runed translucent gate.
 29267 | D:15     | Found a roughly hewn altar of Beogh.
 29405 | D:15     | Killed Ulomoc's ghost
 29446 | D:15     | Gained mutation: You have a pair of large horns on your
                  | head. [demonic ancestry]
 29446 | D:15     | Reached XP level 16. HP: 70/122 MP: 20/28
 29461 | D:15     | Got a heavily runed cloak
 29472 | D:15     | Identified the +1 cloak of Reason {Regen+} (You found it on
                  | level 15 of the Dungeon)
 29722 | D:14     | Found a gate to the Vaults.
 29954 | Spider:1 | Entered Level 1 of the Spider Nest
 30430 | Spider:1 | Reached skill level 10 in Armour
 30441 | Spider:1 | HP: 6/122 [poisoned by an emperor scorpion]
 30444 | Lair:2   | Succumbed to an emperor scorpion's poison

Levels and vault maps discovered:
D:1:      co_arrival_square_in_a_square_in_a_square, layout_basic,
          roderic_lattice_a, doesnt_xom_only_xom
D:2:      layout_loops_corners, grunt_qazlal_sundering, first_ration
D:3:      minmay_bubble_buster, layout_basic, biasface_ghost_orc_armoury
D:4:      layout_loops_corners, cheibriados_altar_1
D:5:      layout_layer_cave, serial_rivers, chequers_serial_rivers_marsh,
          chequers_serial_rivers_small_b, chequers_serial_rivers_large_a,
          chequers_serial_rivers_micro_b, chequers_serial_rivers_small_3,
          grunt_ashenzari_visionary [grunt_ashenzari_visionary_shoals,
          grunt_ashenzari_visionary_spider]
D:6:      layout_basic, gammafunk_temple_overflow_pools
D:7:      layout_loops_ring, kennysheep_mini_moat, minmay_temple_entry_arrows,
          the_bakery, grunt_ministairs_12, uniq_duvessa
D:8:      layout_gridville, uniq_maurice, uniq_erica
D:9:      layout_loops_corners, elyvilon_altar_3, overflow_temple_1_default,
          fedhas_altar_2
D:10:     layout_loops_ring, grunt_lair_entry_orc_guard_hut, uniq_grum
D:11:     layout_long_grid, serial_shops, shop
D:12:     layout_loops_ring, david_orc_2, ebering_ghost_gozag, serial_shops,
          nicolae_shop_waterfront, uniq_erolcha
D:13:     layout_basic
D:14:     layout_cave_pods, grunt_vaults_entry_fortified, serial_park_gazebo
          [serial_park_minivault_5x5_7], tso_altar
D:15:     gammafunk_enter_depths_forms, layout_rooms, biasface_ghost_orc_armoury
Lair:1:   layout_hall_layers, serial_rivers, chequers_serial_rivers_micro_a,
          chequers_serial_rivers_large_b, chequers_serial_rivers_micro_d,
          chequers_serial_rivers_micro_a
Lair:2:   regret_index_bee_streams, layout_big_grid,
          spider_nest_entry_web_field, gammafunk_ghost_hive,
          portal_ice_cave_rime, pond, lemuel_fruit_fields, uniq_urug,
          uniq_maggie
Lair:3:   layout_hall_layers, beast_lair_carwin_9
Lair:4:   layout_cave_pods, elwin_shoals_entry_stream,
          ebering_ghost_inner_flame, minmay_stone_trees_small,
          zaba_antful_of_joy, grunt_megastairs_5, uniq_sonja, uniq_nessos
Lair:5:   layout_cave_pods, serial_bayou_shore_b, lemuel_fruit_fields,
          infiniplex_staircase_pool, uniq_josephine
Lair:6:   minmay_lair_end_enchanted_forest, layout_big_grid, slime_altar_1,
          infiniplex_staircase_pool_2
Spider:1: layout_spider_delve, drop_trap
Orc:1:    layout_diamond_mine
Orc:2:    st_orc_congregation, layout_caves, serial_shops, shop, shop

Skill      XL: |  1  2  3  4  5  6  7  8  9 10 11 12 13 14 15 16 |
---------------+-------------------------------------------------+-----
Maces & Flails | 2 3 4 5 6 8 9 11 12 13 14 16 17 | 17.2
Invocations    | 1 2 3 4 5 7 9 10 12 13 14 15 16 17 | 17.0
Fighting       | 4 5 6 8 9 10 | 10.2
Armour         | 5 6 8 9 10 | 10.0
Dodging        | 4 6 7 9 |  9.5
Shields        | |  2.6

Action                   |  1- 3 |  4- 6 |  7- 9 | 10-12 | 13-15 | 16-18 || total
-------------------------+-------+-------+-------+-------+-------+-------++-------
Melee: Flail             |   102 |   194 |   333 |   129 |       |       ||   758
       Headbutt          |    13 |    30 |    63 |   220 |   364 |    29 ||   719
       Whip              |       |       |       |   628 |       |       ||   628
       Morningstar       |       |       |       |     2 |  1323 |    98 ||  1423
Invok: Upheaval          |       |       |     2 |    19 |    10 |       ||    31
  Use: Scroll            |       |     8 |     5 |     8 |     9 |     2 ||    32
       Potion            |       |     2 |     3 |     6 |     3 |       ||    14
  Eat: Chunk             |     3 |     6 |    17 |    24 |    28 |     2 ||    80
       Ration            |       |       |       |     2 |     4 |       ||     6
Armor: Scale mail        |    61 |    59 |   110 |   124 |       |       ||   354
       Chain mail        |       |       |       |   182 |   389 |   120 ||   691
Dodge: Dodged            |    23 |    50 |    61 |   150 |   296 |    85 ||   665
       Deflected         |       |       |       |     3 |    17 |       ||    20
Block: Kite shield       |    46 |    84 |   228 |   574 |   972 |   164 ||  2068

Table legend:
 A = Non-vault XP
 B = Vault XP
 C = Vault XP percentage of total XP
 D = Non-vault monster count
 E = Vault monster count
 F = Vault count percentage of total count
                 A         B        C        D         E       F
            +---------+---------+-------+---------+---------+-------
      Total |   99459 |   64869 |  39.5 |     574 |     294 |  33.9
            +---------+---------+-------+---------+---------+-------
        D:1 |      16 |       0 |   0.0 |      10 |       0 |   0.0
        D:2 |      98 |       0 |   0.0 |      24 |       0 |   0.0
        D:3 |     128 |      29 |  18.5 |      26 |       8 |  23.5
        D:4 |     930 |       0 |   0.0 |      24 |       0 |   0.0
        D:5 |     516 |       0 |   0.0 |      12 |       0 |   0.0
        D:6 |     443 |     255 |  36.5 |      18 |       4 |  18.2
        D:7 |    1181 |     708 |  37.5 |      29 |       9 |  23.7
        D:8 |    1886 |    1432 |  43.2 |      30 |       2 |   6.2
        D:9 |    2023 |       0 |   0.0 |      23 |       0 |   0.0
       D:10 |    3398 |    1219 |  26.4 |      30 |      10 |  25.0
       D:11 |    6854 |       0 |   0.0 |      43 |       0 |   0.0
       D:12 |    4748 |    1175 |  19.8 |      22 |       5 |  18.5
       D:13 |   11688 |       0 |   0.0 |      33 |       0 |   0.0
       D:14 |    8040 |    7229 |  47.3 |      25 |      10 |  28.6
       D:15 |   22787 |   10144 |  30.8 |      48 |      25 |  34.2
     Lair:1 |    2740 |     320 |  10.5 |      17 |       3 |  15.0
     Lair:2 |    6151 |    8674 |  58.5 |      23 |      54 |  70.1
     Lair:3 |    2405 |     362 |  13.1 |      15 |       3 |  16.7
     Lair:4 |    2176 |   10255 |  82.5 |      11 |      45 |  80.4
     Lair:5 |    3455 |    2114 |  38.0 |      12 |       6 |  33.3
     Lair:6 |    5744 |    9359 |  62.0 |      16 |      46 |  74.2
   Spider:1 |    8762 |       0 |   0.0 |      28 |       0 |   0.0
      Orc:1 |    1330 |     656 |  33.0 |      16 |       2 |  11.1
      Orc:2 |    1960 |   10938 |  84.8 |      39 |      62 |  61.4
            +---------+---------+-------+---------+---------+-------
